Map: Oxide LE

Players

ExpecT - Winner!

  • Race: Terran Terran

ButAlways

  • Race: Protoss Protoss

Event: DreamHack SC2 Masters 2021 Fall

VOD

Have the link to the VOD?

Description

Time

  • Played on: July 31, 2021, 7:49 a.m.
  • Length: 11:48

All games in this series

Show
View Real Time Build Order
Export as new Build Order

ExpecT Terran - Winner!

Build Orders:  

Get SALT Encoding   

  12  0:00  SCV  
  13  0:12  SCV  
  14  0:17  Supply Depot  
  14  0:24  SCV  
  15  0:38  SCV  
  15  0:39  Barracks  
  16  0:43  Refinery  
  16  0:50  SCV  
  17  1:02  SCV  
  18  1:16  SCV  
  19  1:26  Marine  
  19  1:29  Orbital Command  
  20  1:44  Command Center  
  20  1:48  Barracks Reactor  
  20  1:54  Supply Depot  
  20  1:58  SCV  
  21  2:09  Barracks  
  21  2:11  SCV  
  22  2:20  Barracks  
  22  2:23  SCV  
  22  2:26  Marine x2  
  25  2:35  SCV  
  26  2:44  Marine x2  
  26  2:48  SCV  
  29  2:55  Orbital Command  
  29  2:57  Barracks Tech Lab  
  29  3:02  Marine x2  
  29  3:03  SCV  
  32  3:08  Barracks Tech Lab  
  32  3:15  SCV  
  32  3:17  Marine, Stimpack  
  34  3:20  Marine x2  
  34  3:21  SCV  
  37  3:27  Marine, SCV  
  37  3:29  Supply Depot  
  37  3:31  Combat Shield  
  37  3:33  SCV  
  40  3:38  Marine x2  
  40  3:39  SCV  
  43  3:43  Marauder  
  45  3:48  SCV  
  45  3:51  SCV, Marauder  
  49  3:55  Marine  
  49  3:56  Marine  
  49  3:57  Engineering Bay  
  49  3:58  Supply Depot  
  49  4:00  SCV  
  52  4:05  Refinery, SCV  
  53  4:12  SCV  
  53  4:14  Marine  
  54  4:18  Supply Depot  
  54  4:20  Marine x3, SCV  
  58  4:25  SCV  
  58  4:27  Terran Infantry Weapons Level 1  
  59  4:32  Refinery, SCV  
  59  4:36  Marine  
  59  4:37  SCV  
  62  4:39  Marine  
  62  4:44  Marine x2  
  64  4:45  SCV  
  64  4:50  Supply Depot, Factory  
  64  4:51  SCV  
  64  4:52  Supply Depot  
  66  4:59  SCV  
  67  5:05  Marine, Marauder  
  57  5:18  Marine x2  
  57  5:20  SCV x2  
  60  5:23  Marine  
  60  5:26  Marine  
  62  5:29  Command Center  
  62  5:31  Supply Depot  
  62  5:32  SCV x2  
  63  5:39  Marine  
  63  5:40  Marine, Marauder  
  62  5:44  Factory Reactor, Starport  
  62  5:47  SCV  
  63  5:50  Marine  
  63  5:57  Marine  
  63  6:00  Barracks  
  63  6:01  Barracks  
  63  6:02  SCV x2  
  65  6:08  Marine, Concussive Shells, Marauder x2  
  70  6:16  SCV x2  
  70  6:17  Marine  
  73  6:18  Refinery  
  73  6:27  Missile Turret  
  73  6:28  Medivac  
  73  6:29  Medivac, Factory Tech Lab  
  73  6:31  Marauder x2  
  81  6:33  SCV x2  
  82  6:43  Terran Infantry Armor Level 1  
  82  6:45  SCV x2  
  82  6:48  Barracks Reactor, Barracks Tech Lab  
  82  6:49  Siege Tank  
  85  6:57  Marine x2, Marauder x2  
  85  6:58  SCV x2  
  85  7:01  Supply Depot  
  93  7:06  Viking  
  93  7:07  Viking  
  96  7:10  SCV  
  96  7:14  Orbital Command  
  96  7:17  SCV  
  97  7:23  SCV  
  97  7:28  Siege Tank  
  101  7:30  Marine x2, Marauder  
  101  7:34  SCV  
  101  7:35  SCV  
  101  7:36  Missile Turret  
  107  7:39  Supply Depot  
  107  7:46  Viking x2  
  107  7:50  SCV x2  
  109  7:55  Marauder x3  
  115  8:00  Supply Depot x2  
  115  8:02  Siege Tank  
  115  8:04  SCV x3  
  121  8:08  Marine x2  
  121  8:09  Marine x2  
  125  8:21  Viking x2, SCV x3  
  125  8:22  Supply Depot x2  
  125  8:24  Marauder x3  
  138  8:31  Refinery  
  138  8:32  Refinery, Ghost Academy  
  138  8:41  Marine x4  
  134  8:45  Marauder x2  
  134  8:48  Siege Tank  
  143  8:51  Viking x2  
  147  9:04  Enhanced Shockwaves  
  147  9:08  Supply Depot  
  147  9:11  Marine x2, Marauder  
  147  9:12  Marauder  
  151  9:20  Siege Tank  
  130  9:24  Marine x2  
  130  9:25  Marauder  
  130  9:28  Viking x2  
  130  9:29  Marine  
  119  9:34  SCV x2  
  119  9:35  Marine x2, Marauder  
  114  9:42  Marine  
  115  9:48  Barracks  
  115  9:49  Barracks  
  115  9:51  Barracks  
  115  9:52  Siege Tank, Missile Turret  
  118  9:54  Missile Turret  
  118  9:55  Ghost x2  
  118  9:56  Marine x3, Command Center  
  126  10:00  Ghost  
  127  10:10  Medivac  
  128  10:14  SCV x3  
  128  10:17  Marine x2  
  128  10:18  Marine x2  
  135  10:22  Supply Depot  
  135  10:24  Armory  
  135  10:25  Engineering Bay  
  135  10:26  Marine, Ghost  
  138  10:29  Marine  
  138  10:31  Supply Depot  
  138  10:35  Marine, Viking  
  141  10:37  Siege Tank  
  141  10:40  Viking  
  141  10:41  Barracks Reactor  
  141  10:42  Barracks Tech Lab  
  147  10:43  Barracks Tech Lab  
  147  10:46  Marine x2  
  147  10:47  Marauder x2  
  153  10:50  SCV x3, Missile Turret  
  153  10:51  Supply Depot  
  155  11:02  Marine x3, Marauder x2  
  155  11:03  Command Center  
  162  11:05  Marine x2, Viking  
  162  11:08  Marine, Supply Depot x2, Marauder  
  162  11:10  Viking  
  171  11:20  Marine, Marauder  
Show
View Real Time Build Order
Export as new Build Order

ButAlways Protoss 

Build Orders: 1 Gate Expand, Phoenix Opening, Colossus Rush 

Get SALT Encoding   

  12  0:00  Probe  
  13  0:12  Probe  
  14  0:16  Pylon  
  14  0:24  Probe  
  15  0:35  Gateway  
  15  0:37  Probe (Chrono Boost)  
  16  0:47  Probe (Chrono Boost)  
  16  0:48  Assimilator  
  17  0:52  Probe (Chrono Boost)  
  18  1:04  Probe  
  19  1:16  Probe  
  20  1:25  Nexus  
  20  1:35  Cybernetics Core  
  20  1:38  Probe  
  21  1:45  Assimilator  
  21  1:50  Probe  
  22  1:54  Pylon  
  22  2:02  Probe  
  23  2:09  Adept (Chrono Boost)  
  23  2:10  Probe  
  26  2:18  Probe  
  26  2:22  Stargate  
  27  2:29  Warp Gate  
  27  2:30  Probe (Chrono Boost)  
  27  2:34  Adept  
  30  2:37  Probe (Chrono Boost)  
  32  2:46  Probe (Chrono Boost)  
  32  2:47  Probe (Chrono Boost)  
  33  2:52  Probe (Chrono Boost)  
  33  2:53  Probe  
  33  2:58  Shield Battery  
  35  3:03  Probe  
  35  3:05  Phoenix, Probe  
  39  3:14  Robotics Facility  
  39  3:16  Probe  
  39  3:17  Probe  
  39  3:27  Pylon  
  39  3:28  Probe  
  39  3:29  Phoenix (Chrono Boost)  
  39  3:30  Probe  
  39  3:33  Assimilator  
  43  3:36  Assimilator  
  43  3:40  Probe  
  44  3:42  Probe  
  47  3:52  Probe  
  47  3:54  Probe  
  49  4:02  Robotics Bay  
  47  4:04  Probe  
  47  4:06  Probe  
  49  4:16  Gateway  
  52  4:17  Gateway  
  52  4:18  Probe  
  52  4:19  Pylon  
  52  4:21  Immortal (Chrono Boost)  
  54  4:29  Pylon  
  54  4:37  Phoenix  
  56  4:39  Adept  
  56  4:42  Probe  
  59  4:46  Pylon, Probe  
  59  4:49  Colossus (Chrono Boost)  
  60  4:59  Adept  
  68  5:02  Phoenix (Chrono Boost)  
  66  5:07  Probe  
  66  5:08  Probe  
  54  5:19  Probe  
  54  5:20  Probe  
  52  5:26  Adept  
  52  5:31  Probe  
  52  5:32  Probe  
  54  5:41  Colossus (Chrono Boost)  
  54  5:43  Probe  
  54  5:44  Probe  
  54  5:47  Phoenix  
  64  5:53  Pylon  
  64  5:56  Sentry, Probe x2  
  68  6:08  Probe x2  
  70  6:12  Nexus  
  70  6:20  Probe x2  
  70  6:23  Shield Battery  
  72  6:28  Observer  
  72  6:29  Twilight Council  
  72  6:32  Probe x2  
  75  6:34  Forge  
  75  6:40  Phoenix  
  75  6:44  Zealot  
  75  6:45  Probe  
  80  6:49  Observer (Chrono Boost)  
  80  6:51  Probe  
  82  6:57  Probe  
  83  7:03  Charge (Chrono Boost), Probe  
  83  7:05  Pylon  
  84  7:12  Protoss Ground Weapons Level 1  
  85  7:22  Pylon, Colossus (Chrono Boost)  
  84  7:23  Pylon, Sentry  
  84  7:27  Shield Battery, Zealot x2  
  95  7:53  Zealot x3  
  95  7:56  Gateway  
  95  7:58  Gateway  
  101  7:59  Gateway  
  101  8:02  Gateway, Probe x3  
  104  8:10  Templar Archives  
  105  8:13  Observer (Chrono Boost), Sentry  
  105  8:14  Zealot x2, Probe  
  105  8:18  Gateway  
  112  8:24  Phoenix  
  114  8:27  Warp Prism  
  116  8:36  Zealot x2  
  119  8:44  Zealot  
  121  8:49  Phoenix  
  121  8:53  High Templar  
  125  8:57  Pylon  
  125  9:02  High Templar  
  124  9:06  Archon  
  124  9:09  Pylon  
  124  9:12  Pylon  
  124  9:13  Colossus (Chrono Boost)  
  124  9:15  Phoenix  
  130  9:21  Zealot x6  
  94  9:36  Stalker, Zealot  
  88  9:40  Phoenix  
  88  9:45  Assimilator  
  88  9:47  Assimilator  
  88  9:48  Sentry, Zealot  
  88  9:49  Zealot x4  
  100  9:58  Sentry  
  102  10:08  Phoenix  
  102  10:11  Zealot x5  
  102  10:12  Zealot x2  
  118  10:16  Colossus (Chrono Boost)  
  124  10:25  Zealot  
  126  10:38  High Templar x2, Zealot x3  
  126  10:39  Zealot x2  
  126  10:42  Archon  
  140  10:47  Pylon  
  140  10:48  Pylon  
  140  10:50  Phoenix  
  142  10:59  High Templar  
  142  11:00  High Templar  
  144  11:09  Pylon  
  144  11:12  Pylon  
  144  11:14  Archon  
  144  11:15  Phoenix  
  146  11:25  Zealot x6  
  86  11:36  Zealot  

Tags
 
Add a new tag
Caveats
  • Supply blocks, unpowered buildings, or Contaminate may cause inaccurate times.
  • Supply counts are checked every 10 seconds.